[Event "Titled Tuesday Blitz June 6 Late 2023"]
[White "Luong Phuong Hanh"]
[Black "Levine, David"]
[WhiteFideId "12401013"]
[BlackFideId "2011611"]
[WhiteElo "2081"]
[BlackElo "2112"]
[Result "1-0"]
[Round "4"]
[TimeControl "180+2"]
[Date "2023.06.07"]
[WhiteClock "0:02:27"]
[BlackClock "0:01:28"]
[Board "138"]

1. d4 d5 2. c4 dxc4 3. e3 Nf6 4. Bxc4 e6 5. Nf3 c5 6. O-O Nc6 7. dxc5 Qxd1 8. Rxd1 Bxc5 9. Nc3 a6 10. Be2 Bd7 11. a3 Ke7 12. b4 Bd6 13. Bb2 Rhd8 14. Na4 Nd5 15. Bxg7 f6 16. Bc4 b5 17. Bxd5 bxa4 18. Ba2 Rg8 19. Bxf6+ Kxf6 20. Rxd6 Rad8 21. Rad1 Ke7 22. h4 h6 23. e4 e5 24. Bxg8 1-0


[Site "https://www.chess.com"]

[Event "Titled Tuesday Blitz June 6 Late 2023"]
[White "Kaplan, Avi Harrison"]
[Black "Tsukerman, Julia"]
[WhiteFideId "30934559"]
[BlackFideId "2621649"]
[WhiteElo "1983"]
[BlackElo "1667"]
[Result "1-0"]
[Round "4"]
[TimeControl "180+2"]
[Date "2023.06.07"]
[WhiteClock "0:01:34"]
[BlackClock "0:00:14"]
[Board "139"]

1. d4 d5 2. Nc3 e6 3. Bf4 Nf6 4. Nb5 Na6 5. e3 Be7 6. Bd3 Bd7 7. g4 h6 8. h4 c6 9. Nd6+ Bxd6 10. Bxd6 e5 11. dxe5 Nxg4 12. Qf3 Be6 13. Bf5 Qd7 14. Qxg4 Bxf5 15. Qxg7 O-O-O 16. Qg3 Bxc2 17. Ne2 Rdg8 18. Qf4 Be4 19. f3 Bf5 20. Nd4 Be6 21. Kf2 Rg6 22. h5 Rg5 23. Rag1 Rhg8 24. Rxg5 Rxg5 25. Qxg5 hxg5 26. h6 Bf5 27. Nxf5 Qxf5 28. h7 Qc2+ 29. Kg3 Kd7 30. h8=Q 1-0


[Site "https://www.chess.com"]

[Event "Titled Tuesday Blitz June 6 Late 2023"]
[White "Ricaurte Lopez, Juan Carlos"]
[Black "Herman, Daniel"]
[WhiteFideId "3600327"]
[BlackFideId "30935008"]
[WhiteElo "2200"]
[BlackElo "1897"]
[Result "0-1"]
[Round "4"]
[TimeControl "180+2"]
[Date "2023.06.07"]
[WhiteClock "0:00:19"]
[BlackClock "0:00:51"]
[Board "140"]

1. e4 e6 2. d4 d5 3. exd5 exd5 4. Nf3 Bd6 5. c4 Nf6 6. c5 Be7 7. Bd3 O-O 8. h3 b6 9. cxb6 axb6 10. O-O c5 11. Nc3 Nc6 12. Bb5 Bb7 13. Re1 c4 14. Bf4 h6 15. Qd2 Nb4 16. Ne5 Bd6 17. Bxh6 gxh6 18. Qxh6 Nh7 19. Re3 Qf6 20. Rg3+ Kh8 21. Qe3 Nc2 22. Qd2 Nxa1 23. Rf3 Qe6 24. Bd7 Qe7 25. Bf5 Bxe5 26. Qh6 f6 27. dxe5 Qg7 28. Qe3 d4 0-1


[Site "https://www.chess.com"]

[Event "Titled Tuesday Blitz June 6 Late 2023"]
[White "Semenova, Alina"]
[Black "Balla, Tamas-Kristof"]
[WhiteFideId "24113875"]
[BlackFideId "1208497"]
[WhiteElo "1833"]
[BlackElo "2334"]
[Result "0-1"]
[Round "4"]
[TimeControl "180+2"]
[Date "2023.06.07"]
[WhiteClock "0:00:18"]
[BlackClock "0:00:31"]
[Board "141"]

1. e4 c5 2. Nf3 Nc6 3. d4 cxd4 4. Nxd4 e5 5. Nb5 d6 6. N1c3 a6 7. Na3 b5 8. Nd5 Nge7 9. Bg5 h6 10. Bxe7 Nxe7 11. c3 Nxd5 12. exd5 Be7 13. g3 O-O 14. Bg2 f5 15. O-O f4 16. Nc2 Bd7 17. Qh5 Qc8 18. Nb4 Bg4 19. Qg6 f3 20. Bh1 Bf5 21. Nc6 Qd7 22. Qh5 Bg5 23. Bxf3 g6 24. h4 gxh5 25. hxg5 Bh3 26. Rfe1 Rxf3 0-1


[Site "https://www.chess.com"]

[Event "Titled Tuesday Blitz June 6 Late 2023"]
[White "dorpato"]
[Black "Garcia Cuenca, Victor"]
[BlackFideId "2250829"]
[WhiteElo "2073"]
[BlackElo "2329"]
[Result "0-1"]
[Round "4"]
[TimeControl "180+2"]
[Date "2023.06.07"]
[WhiteClock "0:00:06"]
[BlackClock "0:00:54"]
[Board "142"]

1. e4 c6 2. d4 d6 3. e5 dxe5 4. dxe5 Qxd1+ 5. Kxd1 Bf5 6. Be3 Nd7 7. Nc3 O-O-O 8. Kc1 Nxe5 9. Nge2 b6 10. g3 Ng4 11. Bg2 Kc7 12. Nd1 N8f6 13. h3 Nxe3 14. Nxe3 Be4 15. f3 Nd5 16. Ng4 Bf5 17. Ne5 Bg6 18. h4 f6 19. Nd3 Bxd3 20. cxd3 Ne3 21. Nf4 e5 22. Ne6+ Kd7 23. Nxd8 Nxg2 24. Nb7 Kc7 25. Kd2 Kxb7 26. Rhg1 Bb4+ 27. Ke2 Ne3 28. Kxe3 Bc5+ 29. Ke2 Bxg1 30. Rxg1 Rd8 31. f4 Re8 32. f5 c5 33. Ke3 Rd8 34. g4 Rd4 35. h5 h6 36. b3 Kc6 37. g5 hxg5 38. Rh1 Rh4 39. Rxh4 gxh4 40. Kf3 Kd5 41. Kg4 Kd4 42. Kxh4 Kxd3 43. h6 gxh6 44. Kh5 e4 45. Kg6 e3 46. Kxf6 e2 47. Kg7 e1=Q 48. f6 Qf2 49. f7 h5 0-1


[Site "https://www.chess.com"]

[Event "Titled Tuesday Blitz June 6 Late 2023"]
[White "Castillo Pena, Patricia Evarista"]
[Black "Kozelov, Roman"]
[WhiteFideId "6412106"]
[BlackFideId "14133377"]
[WhiteElo "1859"]
[BlackElo "2149"]
[Result "0-1"]
[Round "4"]
[TimeControl "180+2"]
[Date "2023.06.07"]
[WhiteClock "0:01:29"]
[BlackClock "0:01:57"]
[Board "143"]

1. d4 d5 2. Nf3 Nf6 3. e3 g6 4. Be2 Bg7 5. O-O O-O 6. b3 b6 7. Bb2 Bb7 8. Nbd2 Ne4 9. c4 dxc4 10. bxc4 Nxd2 11. Qxd2 Nd7 12. Rfd1 Nf6 13. d5 c6 14. d6 exd6 15. Qxd6 Qxd6 16. Rxd6 Ne4 17. Bxg7 Nxd6 18. Bxf8 Kxf8 19. Rd1 Ke7 20. Ne5 f6 21. Nf3 Rd8 22. h3 Ne4 23. Rxd8 Kxd8 24. Nd4 c5 25. Nb5 a6 26. Na3 Nc3 27. Bd3 Nxa2 0-1


[Site "https://www.chess.com"]

[Event "Titled Tuesday Blitz June 6 Late 2023"]
[White "Mayeregger, Arnold"]
[Black "Pavlidou, Ekaterini"]
[WhiteFideId "3705226"]
[BlackFideId "4213262"]
[WhiteElo "2038"]
[BlackElo "2126"]
[Result "1-0"]
[Round "4"]
[TimeControl "180+2"]
[Date "2023.06.07"]
[WhiteClock "0:01:01"]
[BlackClock "0:00:18"]
[Board "145"]

1. e4 c5 2. Nf3 e6 3. d4 cxd4 4. Nxd4 Nf6 5. Nc3 Nc6 6. Ndb5 Bb4 7. a3 Bxc3+ 8. Nxc3 d5 9. exd5 exd5 10. Bd3 O-O 11. O-O d4 12. Ne2 Bg4 13. f3 Bh5 14. Nf4 Bg6 15. Nxg6 hxg6 16. Kh1 Qd6 17. Bg5 Nh5 18. Qd2 Rfe8 19. Bc4 Ne5 20. Bb3 Rad8 21. Rad1 Nf6 22. Rfe1 Nc6 23. Bf4 Qc5 24. Qd3 g5 25. Bg3 Na5 26. Ba2 Nc6 27. b4 Qf8 28. Rxe8 Rxe8 29. b5 Ne7 30. Bd6 Rd8 31. Bb4 Rd7 32. Re1 Qd8 33. Qd2 Ned5 34. Bc5 Ne3 35. Bb3 g4 36. fxg4 Nfxg4 37. h3 b6 38. Bb4 Qh4 39. Kg1 Rd8 40. hxg4 Nxg4 41. Qf4 Qxe1+ 42. Bxe1 1-0


[Site "https://www.chess.com"]

[Event "Titled Tuesday Blitz June 6 Late 2023"]
[White "Spichkin, Alexander"]
[Black "Goncalves, Davi Sulzbacher"]
[WhiteFideId "4144074"]
[BlackFideId "2154510"]
[WhiteElo "1986"]
[BlackElo "2182"]
[Result "1-0"]
[Round "4"]
[TimeControl "180+2"]
[Date "2023.06.07"]
[WhiteClock "0:01:24"]
[BlackClock "0:00:01"]
[Board "146"]

1. f4 e5 2. e4 d5 3. exd5 e4 4. d3 Nf6 5. Qe2 Qxd5 6. Nc3 Bb4 7. Bd2 Bxc3 8. Bxc3 Nbd7 9. O-O-O Qxa2 10. dxe4 O-O 11. e5 Nxe5 12. fxe5 Bg4 13. Nf3 Rad8 14. b3 Rxd1+ 15. Qxd1 Ne4 16. Qd4 Bf5 17. Bd3 c5 18. Qa4 Nxc3 19. Qxa2 Nxa2+ 20. Kb2 Bxd3 21. cxd3 Nb4 22. Kc3 Rd8 23. d4 Nd5+ 24. Kc4 Ne3+ 25. Kxc5 Rc8+ 26. Kb4 Nc2+ 27. Ka4 a6 28. Rc1 Rc6 29. d5 Rc5 30. d6 Kf8 31. Nd4 Ke8 32. Rxc2 1-0


[Site "https://www.chess.com"]

[Event "Titled Tuesday Blitz June 6 Late 2023"]
[White "Liu, Eric"]
[Black "Krzywda, Andrzej"]
[WhiteFideId "30960240"]
[BlackFideId "1114565"]
[WhiteElo "2094"]
[BlackElo "2138"]
[Result "0-1"]
[Round "4"]
[TimeControl "180+2"]
[Date "2023.06.07"]
[WhiteClock "0:01:47"]
[BlackClock "0:00:54"]
[Board "147"]

1. b3 d5 2. Bb2 Nf6 3. e3 e6 4. h4 Nc6 5. Nf3 Bd6 6. c4 Qe7 7. d4 Bb4+ 8. Nbd2 Ne4 9. Qc2 O-O 10. a3 Bxd2+ 11. Nxd2 Nxd2 12. Qxd2 Bd7 13. h5 b6 14. h6 g6 15. Bd3 Na5 16. Qc3 Rac8 17. cxd5 exd5 18. b4 Nb7 19. Ba6 Nd6 20. Bxc8 Bxc8 21. a4 Ne4 22. Qb3 Qf6 23. Qc2 Bf5 24. Qe2 Qd6 25. Ba3 Re8 26. b5 Qf6 27. Rc1 Qg5 28. O-O Bg4 29. Qa2 Bf3 30. g3 Qh5 31. Rfe1 Qh1# 0-1


[Site "https://www.chess.com"]

[Event "Titled Tuesday Blitz June 6 Late 2023"]
[White "mohsengabr2002"]
[Black "Moore, Nicholas"]
[BlackFideId "4303709"]
[WhiteElo "2255"]
[BlackElo "2421"]
[Result "0-1"]
[Round "4"]
[TimeControl "180+2"]
[Date "2023.06.07"]
[WhiteClock "0:00:41"]
[BlackClock "0:00:09"]
[Board "148"]

1. e4 c5 2. d3 Nc6 3. Nd2 Nf6 4. g3 d5 5. Bg2 e5 6. Ngf3 Be7 7. O-O O-O 8. exd5 Nxd5 9. Nc4 f6 10. a4 Be6 11. c3 Qd7 12. Re1 Rfd8 13. Qe2 Bf7 14. h4 Bf8 15. h5 Bxh5 16. Qe4 Bg6 17. Qh4 Re8 18. Bh3 Qd8 19. Bf1 Nc7 20. Qh1 Qd7 21. Nh4 Bf7 22. Ne3 Nd5 23. Nef5 Be6 24. Bh3 Nce7 25. Nxe7+ Bxe7 26. Bg2 Rad8 27. Rd1 Bf8 28. c4 Nb4 29. Bxb7 Rb8 30. Be4 g6 31. f4 f5 32. Bg2 e4 33. Bd2 Nxd3 34. Bc3 Bg7 35. Bxe4 fxe4 36. Qxe4 Bf5 37. Nxf5 Rxe4 38. Nxg7 Rd8 39. Rd2 Qh3 40. Rg2 Re3 41. Rd1 Rxg3 42. Rxg3 Qxg3+ 0-1


[Site "https://www.chess.com"]

[Event "Titled Tuesday Blitz June 6 Late 2023"]
[White "Gonzalez Vega, Alejandro"]
[Black "Rangel, Daniel"]
[WhiteFideId "3510042"]
[BlackFideId "2124475"]
[WhiteElo "2294"]
[BlackElo "2231"]
[Result "1-0"]
[Round "4"]
[TimeControl "180+2"]
[Date "2023.06.07"]
[WhiteClock "0:00:28"]
[BlackClock "0:00:04"]
[Board "149"]

1. e4 c5 2. Nf3 d6 3. d4 cxd4 4. c3 d3 5. Bxd3 Nf6 6. h3 g6 7. O-O Bg7 8. Qe2 O-O 9. Rd1 Qc7 10. Bg5 Nbd7 11. Bc2 a6 12. a4 b6 13. Nbd2 Bb7 14. Re1 e5 15. Rad1 Nc5 16. Qe3 Rfe8 17. Bh6 Bh8 18. Ng5 Nh5 19. g3 f6 20. Ngf3 Qf7 21. h4 Rad8 22. b4 Ne6 23. Bb3 b5 24. axb5 axb5 25. Ra1 f5 26. exf5 gxf5 27. Ng5 Qg6 28. Nxe6 Rxe6 29. Qg5 d5 30. Qxd8+ Re8 31. Bxd5+ Bxd5 32. Qxd5+ Qf7 33. Qxf7+ Kxf7 34. Ra7+ Kg6 35. Be3 Rc8 36. Bc5 f4 37. g4 Nf6 38. f3 h5 39. g5 Ne8 40. Ne4 Ng7 41. Rd1 Nf5 42. Rdd7 Nxh4 43. Rd6+ Kf5 44. Rf7+ Bf6 45. Rfxf6# 1-0


[Site "https://www.chess.com"]

[Event "Titled Tuesday Blitz June 6 Late 2023"]
[White "Brown, Raehanna"]
[Black "Van Foreest, Machteld"]
[WhiteFideId "7402740"]
[BlackFideId "1051563"]
[WhiteElo "1655"]
[BlackElo "2018"]
[Result "0-1"]
[Round "4"]
[TimeControl "180+2"]
[Date "2023.06.07"]
[WhiteClock "0:00:14"]
[BlackClock "0:00:35"]
[Board "150"]

1. c4 e5 2. Nc3 Nf6 3. Nf3 Nc6 4. g3 d5 5. cxd5 Nxd5 6. Bg2 Be6 7. O-O Be7 8. d4 exd4 9. Nxd4 Nxc3 10. bxc3 Nxd4 11. cxd4 c6 12. e4 O-O 13. Rb1 Qd7 14. Rb2 Rfd8 15. Be3 Ba3 16. Rd2 Bc4 17. Qa4 Bxf1 18. Kxf1 Bc1 19. Re2 Bxe3 20. fxe3 b5 21. Qb3 Rac8 22. Rf2 c5 23. d5 c4 24. Qc3 Qg4 25. Bf3 Qh3+ 26. Kg1 b4 27. Qxb4 c3 28. Qb3 Rb8 29. Qc2 Rb2 30. Qc1 Rdb8 31. Bg2 Rb1 32. Bxh3 Rxc1+ 33. Bf1 Rb2 34. Kg2 Rxf2+ 35. Kxf2 Rxf1+ 36. Kxf1 c2 0-1


[Site "https://www.chess.com"]

[Event "Titled Tuesday Blitz June 6 Late 2023"]
[White "Hoffmann, Asa"]
[Black "campochess"]
[WhiteFideId "2001470"]
[WhiteElo "2117"]
[BlackElo "2158"]
[Result "1-0"]
[Round "4"]
[TimeControl "180+2"]
[Date "2023.06.07"]
[WhiteClock "0:00:50"]
[BlackClock "0:00:35"]
[Board "151"]

1. d4 c5 2. dxc5 e6 3. Nc3 Bxc5 4. Ne4 Be7 5. Nd6+ Kf8 6. Bf4 Nc6 7. c3 Nf6 8. e4 a6 9. Nf3 h6 10. Be2 g5 11. Bg3 Nh5 12. e5 Nxg3 13. hxg3 Qa5 14. Nc4 Qc5 15. a4 Rb8 16. Qd3 b5 17. axb5 axb5 18. Ne3 Nxe5 19. Nxe5 Qxe5 20. O-O d5 21. f4 gxf4 22. gxf4 Qd6 23. f5 Bg5 24. fxe6 Bxe6 25. Nf5 Qe5 26. Rae1 Qe4 27. Nd6 Qe3+ 28. Qxe3 Bxe3+ 29. Kh2 b4 30. Bh5 Rh7 31. Rxe3 bxc3 32. Rxe6 cxb2 33. Ree1 Rb4 34. Nf5 f6 35. Rb1 Rc7 36. Rf2 Rcc4 37. g4 d4 38. Rfxb2 Rxb2+ 39. Rxb2 Rc8 40. Rd2 1-0


[Site "https://www.chess.com"]

[Event "Titled Tuesday Blitz June 6 Late 2023"]
[White "Lopez Perdomo, Juan David"]
[Black "Sairam, Pranav"]
[WhiteFideId "4405137"]
[BlackFideId "30951330"]
[WhiteElo "1965"]
[BlackElo "1918"]
[Result "0-1"]
[Round "4"]
[TimeControl "180+2"]
[Date "2023.06.07"]
[WhiteClock "0:00:02"]
[BlackClock "0:01:52"]
[Board "152"]

1. d4 d5 2. c4 e6 3. e3 Nf6 4. Nf3 Be7 5. Bd3 dxc4 6. Bxc4 O-O 7. O-O a6 8. a3 b5 9. Ba2 Bb7 10. Nbd2 Nbd7 11. b4 a5 12. bxa5 Rxa5 13. Nb3 Ra4 14. Bd2 Bxa3 15. Na5 Bxf3 16. Qxf3 Bb2 17. Nc6 Qa8 18. Rab1 Rxa2 19. Nb4 Bxd4 20. Nxa2 Qxa2 21. Bb4 c5 0-1


[Site "https://www.chess.com"]

[Event "Titled Tuesday Blitz June 6 Late 2023"]
[White "exzore"]
[Black "Yanayt, Eugene"]
[BlackFideId "2020165"]
[WhiteElo "2738"]
[BlackElo "2083"]
[Result "0-1"]
[Round "4"]
[TimeControl "180+2"]
[Date "2023.06.07"]
[WhiteClock "0:00:24"]
[BlackClock "0:00:19"]
[Board "153"]

1. d4 Nf6 2. c4 g6 3. g3 Bg7 4. Bg2 O-O 5. Nc3 c6 6. e4 a6 7. h4 d6 8. h5 Nxh5 9. Be3 e5 10. dxe5 dxe5 11. Qxd8 Rxd8 12. Bb6 Re8 13. O-O-O Be6 14. Nf3 Bxc4 15. Ng5 Bh6 16. Be3 f6 17. g4 Bxg5 18. Bxg5 Nf4 19. Bxf4 exf4 20. Rd6 Kf7 21. Na4 Ke7 22. Rhd1 b5 23. Nc5 Be2 24. R1d2 Bxg4 25. f3 Bc8 26. Bf1 Ra7 27. Nb3 Rd7 28. Rxd7+ Bxd7 29. Nc5 Bc8 30. Rh2 h5 31. Rh4 Rd8 32. Nd3 Kf7 33. Rh2 g5 34. Rxh5 Kg7 35. e5 Kg6 36. Rh2 Bf5 37. Nc5 fxe5 38. a4 Rd5 39. b4 a5 40. axb5 cxb5 41. Rh8 axb4 42. Ne4 Bxe4 43. fxe4 Rc5+ 44. Kd2 Nc6 45. Rg8+ Kf6 46. Bh3 Nd4 47. Rf8+ Ke7 48. Rg8 Rc2+ 49. Kd3 Rc3+ 50. Kd2 Rxh3 51. Rxg5 b3 52. Rxe5+ Kf6 53. Rd5 b2 54. Rxd4 b1=Q 0-1


[Site "https://www.chess.com"]

[Event "Titled Tuesday Blitz June 6 Late 2023"]
[White "slow_jamz"]
[Black "Miller, Ike S"]
[BlackFideId "2022532"]
[WhiteElo "2561"]
[BlackElo "2132"]
[Result "1-0"]
[Round "4"]
[TimeControl "180+2"]
[Date "2023.06.07"]
[WhiteClock "0:00:14"]
[BlackClock "0:00:12"]
[Board "154"]

1. d4 Nf6 2. c4 e6 3. Nc3 Bb4 4. e3 O-O 5. Ne2 d5 6. a3 Be7 7. cxd5 Nxd5 8. e4 Nf6 9. Ng3 c5 10. d5 exd5 11. exd5 Bd6 12. Be2 Be5 13. Bf3 Na6 14. O-O c4 15. Re1 Re8 16. Bg5 Bd7 17. Nge4 h6 18. Bh4 g5 19. Bg3 Nxe4 20. Bxe4 Bxg3 21. hxg3 Nc5 22. Bc2 Qf6 23. Qd2 b6 24. Rxe8+ Rxe8 25. Re1 Rxe1+ 26. Qxe1 Kg7 27. Qe2 Qd4 28. Kh2 b5 29. f3 a5 30. Qe7 b4 31. Ne4 Nxe4 32. Bxe4 Ba4 33. axb4 axb4 34. Qxb4 Bd1 35. d6 h5 36. Bf5 h4 37. Qc3 hxg3+ 38. Kxg3 Qxc3 39. bxc3 Kf6 40. d7 Ke7 41. Kg4 f6 42. Kh5 Be2 43. Kg6 Bd1 44. f4 Ba4 45. fxg5 fxg5 46. Kxg5 Bxd7 47. Bxd7 Kxd7 48. Kf6 Kd6 49. g4 Kd5 50. Kf5 Kc5 51. g5 Kb5 52. g6 Ka4 53. g7 Kb3 54. g8=Q Kxc3 55. Ke4 Kb2 56. Qxc4 Kb1 57. Qe2 Kc1 58. Kd3 Kb1 59. Kc3 Kc1 60. Qc2# 1-0


[Site "https://www.chess.com"]

[Event "Titled Tuesday Blitz June 6 Late 2023"]
[White "Huber, Benedikt"]
[Black "Kostiukov, Alexandr"]
[WhiteFideId "12923583"]
[BlackFideId "14108100"]
[WhiteElo "2215"]
[BlackElo "2202"]
[Result "1-0"]
[Round "4"]
[TimeControl "180+2"]
[Date "2023.06.07"]
[WhiteClock "0:00:06"]
[BlackClock "0:00:01"]
[Board "155"]

1. d4 g6 2. e4 Bg7 3. Nf3 d6 4. Nc3 a6 5. a4 Nc6 6. Be2 Nf6 7. d5 Nb4 8. O-O O-O 9. h3 e6 10. dxe6 Bxe6 11. Nd4 Bd7 12. Bg5 h6 13. Bh4 g5 14. Bg3 Re8 15. Qd2 Nxe4 16. Nxe4 Rxe4 17. c3 Nc6 18. Bd3 Nxd4 19. Bxe4 Nb3 20. Qd3 Nxa1 21. Rxa1 Bc6 22. Bxc6 bxc6 23. Re1 c5 24. a5 Qd7 25. h4 Bf6 26. hxg5 hxg5 27. f3 Rb8 28. Qxa6 Rxb2 29. Qc4 Qb5 30. Qg4 Rb1 31. Rxb1 Qxb1+ 32. Kh2 Qh7+ 33. Kg1 Qb1+ 34. Kh2 Qb7 35. Bf4 Qd5 36. a6 Kf8 37. Qc8+ Kg7 38. a7 gxf4 39. a8=Q Qh5+ 40. Qh3 1-0


[Site "https://www.chess.com"]

[Event "Titled Tuesday Blitz June 6 Late 2023"]
[White "Ronka, Erik"]
[Black "Holtel, Jasper"]
[WhiteFideId "505080"]
[BlackFideId "12956376"]
[WhiteElo "2264"]
[BlackElo "2412"]
[Result "0-1"]
[Round "4"]
[TimeControl "180+2"]
[Date "2023.06.07"]
[WhiteClock "0:00:02"]
[BlackClock "0:00:08"]
[Board "156"]

1. e4 e6 2. Nf3 d5 3. Nc3 Nf6 4. e5 Nfd7 5. d4 c5 6. dxc5 Bxc5 7. Bf4 Nc6 8. Bd3 a6 9. Qe2 b5 10. O-O Nb4 11. a3 Nxd3 12. cxd3 O-O 13. b4 Be7 14. Rab1 Bb7 15. Rfc1 Rc8 16. Nd4 Nb6 17. Be3 Nd7 18. f4 Re8 19. Na2 Bf8 20. Rxc8 Qxc8 21. Rc1 Qd8 22. Rc2 f6 23. Nf3 fxe5 24. fxe5 a5 25. Bd4 axb4 26. axb4 Qa8 27. h3 Rc8 28. Rxc8 Qxc8 29. Qb2 Nb6 30. Bxb6 d4 31. Bxd4 Qa8 32. Kf2 Bd5 33. Nc3 Bxf3 34. gxf3 Qd8 35. Nxb5 Qh4+ 36. Ke3 Qe1+ 37. Qe2 Qxb4 38. Nc3 g6 39. Qa2 Bh6+ 40. Ke4 Qb7+ 41. Nd5 Kg7 42. Qa5 Qf7 43. Nf6 Qb7+ 44. Nd5 Qf7 45. Ne7 Qf5+ 46. Nxf5+ gxf5# 0-1


[Site "https://www.chess.com"]

[Event "Titled Tuesday Blitz June 6 Late 2023"]
[White "Graif, William"]
[Black "Dubreuil, Julien"]
[WhiteFideId "2609835"]
[BlackFideId "621285"]
[WhiteElo "2201"]
[BlackElo "2260"]
[Result "1-0"]
[Round "4"]
[TimeControl "180+2"]
[Date "2023.06.07"]
[WhiteClock "0:01:03"]
[BlackClock "0:01:10"]
[Board "157"]

1. e4 e5 2. Nf3 Nc6 3. d4 exd4 4. c3 d5 5. Bd3 dxc3 6. exd5 cxb2 7. Bxb2 Bb4+ 8. Kf1 Qxd5 9. Bxg7 Bf5 10. Qe2+ Nge7 11. Bc4 Qc5 12. Bxh8 O-O-O 13. Bf6 Bd3 14. Bxd3 Qc1+ 15. Ne1 Rxd3 16. Nd2 Qxd2 17. Nxd3 1-0


[Site "https://www.chess.com"]

[Event "Titled Tuesday Blitz June 6 Late 2023"]
[White "Guimaraes, Wagner Peixoto"]
[Black "SergioMoralesG"]
[WhiteFideId "2100940"]
[WhiteElo "2148"]
[BlackElo "2483"]
[Result "1-0"]
[Round "4"]
[TimeControl "180+2"]
[Date "2023.06.07"]
[WhiteClock "0:00:45"]
[BlackClock "0:00:20"]
[Board "158"]

1. e4 c5 2. Nf3 d6 3. Bb5+ Nd7 4. d4 cxd4 5. Qxd4 Nf6 6. c4 e5 7. Qd3 Be7 8. Nc3 O-O 9. Bxd7 Nxd7 10. Be3 f5 11. exf5 Nb6 12. Bxb6 axb6 13. O-O Bxf5 14. Qd5+ Kh8 15. Qxb7 e4 16. Nd4 Rc8 17. Nc6 Rxc6 18. Qxc6 Qc8 19. Qxc8 Rxc8 20. Nd5 Bd8 21. b3 Kg8 22. Rad1 Kf7 23. Ne3 Bg6 24. Rxd6 Ra8 25. a4 Rb8 26. Rfd1 Be7 27. Rd7 Kf8 28. Ra7 Bc5 29. Rdd7 b5 30. cxb5 Bxa7 31. Rxa7 Bf7 32. Nc4 Rd8 33. h3 Rd3 34. Rxf7+ Kxf7 35. Ne5+ Ke6 36. Nxd3 exd3 37. Kf1 Kd5 38. Ke1 g5 39. Kd2 Kd4 40. b6 1-0


[Site "https://www.chess.com"]

[Event "Titled Tuesday Blitz June 6 Late 2023"]
[White "Vila Dupla, Aurelio"]
[Black "Wizard_of_Odds"]
[WhiteFideId "2203383"]
[WhiteElo "2009"]
[BlackElo "2422"]
[Result "1-0"]
[Round "4"]
[TimeControl "180+2"]
[Date "2023.06.07"]
[WhiteClock "0:00:07"]
[BlackClock "0:00:01"]
[Board "159"]

1. Nf3 Nf6 2. d4 e6 3. g3 b6 4. Bg2 Bb7 5. O-O Be7 6. c4 O-O 7. Nc3 d6 8. b3 c5 9. Bb2 Nbd7 10. Re1 a6 11. Rc1 Qc7 12. e4 cxd4 13. Nxd4 Rac8 14. h3 Rfe8 15. Qd2 Qb8 16. Re2 h5 17. Rce1 Bd8 18. Nf3 Bc7 19. Ng5 h4 20. g4 Ne5 21. f4 Ned7 22. Nd1 d5 23. e5 Nh7 24. Nxh7 Kxh7 25. cxd5 exd5 26. Bxd5 Nc5 27. Bxb7 Qxb7 28. f5 Kg8 29. Qg5 Bd8 30. f6 g6 31. Qh6 Ne6 32. Qxh4 Qd7 33. Ne3 Qb5 34. Nf5 Qb4 35. Nh6+ Kf8 36. Nxf7 Kxf7 37. Qh7+ Kf8 38. Qh8+ Kf7 39. Qh7+ Kf8 40. Qxg6 Qc5+ 41. Rf2 Qb4 42. Ref1 1-0


[Site "https://www.chess.com"]

[Event "Titled Tuesday Blitz June 6 Late 2023"]
[White "Kujawski, Adam"]
[Black "Eggleston, Thomas A"]
[WhiteFideId "1100920"]
[BlackFideId "412139"]
[WhiteElo "2054"]
[BlackElo "2155"]
[Result "0-1"]
[Round "4"]
[TimeControl "180+2"]
[Date "2023.06.07"]
[WhiteClock "0:00:07"]
[BlackClock "0:00:07"]
[Board "160"]

1. e4 e6 2. d4 d5 3. Nc3 Nf6 4. Bg5 h6 5. Bxf6 Qxf6 6. exd5 Bb4 7. dxe6 Bxe6 8. Nf3 Bxc3+ 9. bxc3 Nd7 10. Be2 Nb6 11. O-O O-O 12. Ne5 Rfd8 13. Qc1 c5 14. Qe3 Nd5 15. Qg3 Nf4 16. Bg4 cxd4 17. Rfe1 dxc3 18. Bxe6 Nxe6 19. Qxc3 Rac8 20. Qe3 Rxc2 21. Rad1 Rxd1 22. Rxd1 Rxa2 23. g3 Qf5 24. h4 g6 25. Nd7 Qc2 26. Re1 Qb2 27. Rf1 a5 28. Qxh6 Qg7 29. Qe3 a4 30. Qb6 Rb2 31. Qa7 b5 32. Qa8+ Kh7 33. Qe4 a3 34. h5 a2 35. hxg6+ fxg6 36. Qh4+ Kg8 37. Nf6+ Kf7 38. Ne4 Rb1 39. Nd6+ Kg8 40. Qg4 Rxf1+ 41. Kg2 Rg1+ 42. Kxg1 a1=Q+ 43. Kg2 Qa8+ 44. Kg1 Qd5 45. Ne4 Qa1+ 46. Kg2 Qae5 47. Qxg6+ Kf8 48. f3 b4 49. Nf6 Qd2+ 50. Kh3 Ng5+ 51. Kg4 Qdd4+ 52. f4 Qd1+ 53. Kh4 Nf3+ 54. Kg4 Nh2+ 55. Kh3 Nf3 56. Qg8+ Ke7 57. Nd5+ Kd6 58. Qg6+ Qe6+ 59. Qxe6+ Kxe6 60. f5+ Kxd5 61. f6 Qh1+ 62. Kg4 Ne5+ 63. Kf5 Nf7 64. Kg6 Qg2 65. Kxf7 Qxg3 66. Ke7 Qf4 67. f7 Qxf7+ 68. Kxf7 b3 0-1


[Site "https://www.chess.com"]

[Event "Titled Tuesday Blitz June 6 Late 2023"]
[White "Osmonbekov, Talaibek"]
[Black "Omariev, Maksim"]
[WhiteFideId "2017253"]
[BlackFideId "4193423"]
[WhiteElo "2135"]
[BlackElo "2409"]
[Result "0-1"]
[Round "4"]
[TimeControl "180+2"]
[Date "2023.06.07"]
[WhiteClock "0:00:04"]
[BlackClock "0:00:02"]
[Board "161"]

1. d4 h5 2. Nc3 h4 3. h3 d5 4. Bf4 Nf6 5. e3 Bf5 6. Nf3 e6 7. Bd3 Bxd3 8. Qxd3 Nbd7 9. Nb5 Rc8 10. Nxa7 Ra8 11. Nb5 Rc8 12. c4 Bb4+ 13. Nc3 dxc4 14. Qxc4 Nd5 15. Bh2 c5 16. O-O Bxc3 17. bxc3 cxd4 18. Qxd4 Qf6 19. Ne5 Nc5 20. Rab1 O-O 21. Ng4 Qg5 22. c4 Ne7 23. Bf4 Qh5 24. Bd6 Nf5 25. Qe5 Nd7 26. Qh2 Nxd6 27. Qxd6 Rfd8 28. Rxb7 Nc5 29. Qe7 Nxb7 30. Qxb7 Rxc4 31. Qe7 Rdc8 0-1


[Site "https://www.chess.com"]

[Event "Titled Tuesday Blitz June 6 Late 2023"]
[White "KSho99"]
[Black "Buchenau, Frank"]
[BlackFideId "4604350"]
[WhiteElo "2186"]
[BlackElo "2157"]
[Result "1-0"]
[Round "4"]
[TimeControl "180+2"]
[Date "2023.06.07"]
[WhiteClock "0:00:46"]
[BlackClock "0:01:41"]
[Board "162"]

1. Nf3 Nf6 2. b3 e6 3. Bb2 b6 4. e3 Bb7 5. d4 c5 6. Nbd2 Nc6 7. c4 cxd4 8. exd4 d5 9. Bd3 g6 10. O-O Nb4 11. Bb1 Bg7 12. a3 Nc6 13. Re1 O-O 14. Qe2 Rc8 15. Ne5 dxc4 16. Nxc6 Bxc6 17. bxc4 Nh5 18. Nf3 Nf4 19. Qe3 Bh6 20. Qc3 b5 21. d5 e5 22. dxc6 Rxc6 23. Qxe5 f6 24. Qe7 Rxc4 25. Qxd8 Rxd8 26. Ba2 Nd3 27. Re2 1-0


[Site "https://www.chess.com"]

[Event "Titled Tuesday Blitz June 6 Late 2023"]
[White "Djordjevic, Dejan N"]
[Black "The_Straightforward_Rook"]
[WhiteFideId "913316"]
[WhiteElo "2261"]
[BlackElo "2382"]
[Result "0-1"]
[Round "4"]
[TimeControl "180+2"]
[Date "2023.06.07"]
[WhiteClock "0:00:06"]
[BlackClock "0:01:15"]
[Board "163"]

1. e4 e5 2. Nf3 Nc6 3. Bc4 Bc5 4. c3 Nf6 5. d3 a6 6. O-O Ba7 7. Re1 d6 8. Bb3 h6 9. Nbd2 g5 10. Nf1 g4 11. N3d2 h5 12. Nc4 h4 13. Bg5 g3 14. hxg3 Nxe4 15. Rxe4 Qxg5 16. gxh4 Rxh4 17. Rxh4 Qxh4 18. Qf3 Be6 19. Nce3 O-O-O 20. Bxe6+ fxe6 21. Qg4 Qh6 22. Qh3 Qf6 23. Ng4 Qg7 24. Nfe3 Rh8 25. Qf3 Qh7 26. g3 Qxd3 27. Kg2 Qh7 28. Kg1 Ne7 29. Qg2 Nf5 30. Nc4 Nxg3 31. Nf6 Qh1+ 32. Qxh1 Rxh1+ 33. Kg2 Rxa1 34. fxg3 Rxa2 35. g4 b5 36. Na3 Rxb2+ 37. Kf3 Rf2+ 0-1


[Site "https://www.chess.com"]